 Dungeon Crawl Stone Soup version 0.23.2-33-g5129a83184 (webtiles) character file.

Game seed: 13220455621422928189

303 redwoodhats the Chopper (level 6, -6/33 HPs)
             Began as a Vine Stalker Berserker on June 27, 2019.
             Was a Priest of Trog.
             Splashed by a jelly's acid (8 damage)
             ... on level 5 of the Dungeon.
             The game lasted 00:27:08 (4925 turns).

redwoodhats the Chopper (Vine Stalker Berserker)    Turns: 4925, Time: 00:27:08

Health: -6/33      AC: -8    Str: 20    XL:     6   Next: 38%
Magic:  0/2        EV:  8    Int:  9    God:    Trog [***...]
Gold:   239        SH: 14    Dex: 13    Spells: 5/5 levels left

rFire    . . .     SeeInvis .   d - +2 whip (antimagic)
rCold    + . .     Gourm    .   p - +3 large shield
rNeg     . . .     Faith    +   b - +1 animal skin
rPois    .         Spirit   +   (no helmet)
rElec    .         Reflect  .   (no cloak)
rCorr    .         Harm     .   (no gloves)
MR       .....                  (no boots)
Stlth    ++........             o - amulet of faith
HPRegen  0.51/turn              j - ring of protection from cold
MPRegen  0.08/turn              (no ring)

@: corroded
A: fangs 2, regeneration 1, magic shield, antimagic bite, no potion heal 3, rot
immunity
a: Berserk, Trog's Hand, Renounce Religion


You were on level 5 of the Dungeon.
You worshipped Trog.
Trog was most pleased with you.
You were not hungry.

You visited 1 branch of the dungeon, and saw 5 of its levels.

You collected 239 gold pieces.

Inventory:

Hand Weapons
 a - a +0 hand axe
 d - a +2 antimagic whip (weapon)
 s - a +0 long sword
 u - a +0 battleaxe
Missiles
 g - 4 curare-tipped needles
Armour
 b - a +1 animal skin (worn)
 k - a cursed +0 ring mail
 p - a +3 large shield (worn)
Jewellery
 j - a ring of protection from cold (left hand)
 o - an amulet of faith (around neck)
 q - an uncursed amulet of magic regeneration
Scrolls
 h - 2 scrolls of teleportation
 i - 5 scrolls of remove curse
 m - 2 scrolls of fear
 t - a scroll of enchant weapon {unknown}
Potions
 e - a potion of flight
 f - 6 potions of heal wounds
 l - a potion of curing
 n - a potion of lignification {unknown}
 r - a potion of degeneration {unknown}
Comestibles
 c - 7 rations


   Skills:
 + Level 3.8 Fighting
 + Level 4.8 Axes
 + Level 1.7 Armour
 + Level 2.4 Dodging
 + Level 2.4 Stealth


You had 5 spell levels left.
You didn't know any spells.
Your spell library was empty.

Dungeon Overview and Level Annotations

Branches:
Dungeon (5/15)
 Temple: D:4-7

Altars:
Fedhas


Innate Abilities, Weirdness & Mutations

You have extremely sharp teeth.
Your natural rate of healing is unusually fast.
When hurt, damage is shared between your health and your magic reserves.
Your bite disrupts and absorbs the magic of your enemies.
Potions cannot restore your health.
You are immune to rotting.


Message History

You block the jelly's attack.
You hit the jelly but do no damage.
Your hands burn!
You bite the jelly, but do no damage.
The jelly is moderately wounded.
The jelly closely misses you.
You hit the jelly but do no damage.
Your hands burn!
* * * LOW HITPOINT WARNING * * *
You bite the jelly, but do no damage.
The jelly is moderately wounded.
The jelly barely misses you.
You hit the jelly but do no damage. The acid corrodes you!
Your hands burn!
* * * LOW HITPOINT WARNING * * *
You bite the jelly, but do no damage.
The jelly is moderately wounded.
You block the jelly's attack.
You hit the jelly but do no damage.
Your hands burn!
* * * LOW HITPOINT WARNING * * *
The jelly is moderately wounded.
The jelly hits you.
You are splashed with acid!
You die...

#. ######## #. #......#
#. #.###.## ..## #.# #.#
#.# #.... #.# #.# #.#
#.....#.# #.# #.#
#.._..#.#########.###.##
..[......5.J@.........#
.....#.#########.######
.J.. #..........#.# ..
#..#####.###.# ...?
#.....##.# #.#
.....#...#.##.# #.#
.....#...#.##.# #.#
........<#.##.# #.#
##.....##.##.# #.#


You could see a jelly and a crimson imp.

Vanquished Creatures
  A jelly (D:2)
  A bullfrog skeleton (D:4)
  An iguana (D:4)
  8 adders
  9 oozes (D:2)
  A worm (D:2)
  4 leopard geckos
  7 orcs
  3 ball pythons
  4 giant cockroaches
  9 goblins
  10 hobgoblins
  6 jackals
  13 kobolds
  8 bats
  5 frilled lizards
  A quokka skeleton (D:4)
  8 rats
99 creatures vanquished.

Vanquished Creatures (others)
  10 toadstools (D:2)
10 creatures vanquished.

Grand Total: 109 creatures vanquished

Notes
Turn   | Place    | Note
-------+----------+-------------------------------------------
     0 | D:1      | redwoodhats the Vine Stalker Berserker began the quest for
                  | the Orb.
     0 | D:1      | Reached XP level 1. HP: 11/11 MP: 2/2
   302 | D:1      | Reached XP level 2. HP: 10/16 MP: 3/3
   336 | D:1      | Reached skill level 3 in Axes
  1010 | D:1      | Reached skill level 1 in Stealth
  1240 | D:2      | Reached XP level 3. HP: 11/20 MP: 1/4
  1299 | D:2      | Reached ** piety under Trog
  1958 | D:2      | Gained mutation: Your natural rate of healing is unusually
                  | fast. [Vine Stalker growth]
  1958 | D:2      | Reached XP level 4. HP: 21/24 MP: 3/5
  2412 | D:2      | Reached XP level 5. HP: 22/28 MP: 6/6
  2424 | D:2      | Reached skill level 4 in Axes
  2929 | D:3      | Reached *** piety under Trog
  3664 | D:4      | Reached XP level 6. HP: 33/33 MP: 5/7
  4806 | D:5      | Entered Level 5 of the Dungeon
  4814 | D:5      | Found a blossoming altar of Fedhas.
  4925 | D:5      | HP: 1/33 [acid (5)]
  4925 | D:5      | Splashed by a jelly's acid

Skill      XL: |  1  2  3  4  5 |
---------------+----------------+-----
Axes           | 3 4 |  4.8
Fighting       | 3 |  3.8
Stealth        | 1 2 |  2.4
Dodging        | 2 |  2.4
Armour         | |  1.7

Action                   |  1- 3 |  4- 6 || total
-------------------------+-------+-------++-------
Melee: Hand axe          |    96 |   156 ||   252
       Bite              |    21 |    50 ||    71
       Whip              |       |    18 ||    18
Invok: Berserk           |     1 |     3 ||     4
  Use: Scroll            |     4 |    10 ||    14
       Potion            |     2 |     2 ||     4
 Stab: Sleeping          |     2 |     2 ||     4
  Eat: Ration            |     2 |     3 ||     5
Armor: Animal skin       |    15 |    38 ||    53
Dodge: Dodged            |    56 |    97 ||   153
Block: Large shield      |       |    16 ||    16
